 Dungeon Crawl Stone Soup version 0.17-a0-957-ga3519be (webtiles) character file.

19087 oplop the Grappler (level 12, -5/115 HPs)
             Began as a Troll Transmuter on May 7, 2015.
             Was a High Priest of Cheibriados.
             Slain by a deep troll earth mage (20 damage)
             ... on level 13 of the Dungeon.
             The game lasted 00:27:59 (10572 turns).

oplop the Grappler (Troll Transmuter)              Turns: 10572, Time: 00:27:59

Health: -5/115     AC: 10    Str: 38    XL:     12   Next: 33%
Magic:  2/16       EV: 18    Int: 27    God:    Cheibriados [*****.]
Gold:   619        SH:  0    Dex: 26    Spells: 3 memorised, 13 levels left

rFire  . . .     SeeInvis .       - Unarmed
rCold  + . .     Rnd*Rage +     S - +2 robe {MR+}
rNeg   . . .     SustAb   .     (no shield)
rPois  .         Gourm    +     H - +2 hat
rElec  .         Spirit   .     y - +0 cloak
rCorr  .         Warding  .     (gloves unavailable)
rMut   +         Stasis   .     (boots unavailable)
MR     +....                    G - amulet of resist mutation
Stlth  ++........               s - +2 ring of intelligence
                                q - ring of wizardry

@: appendage, very slightly contaminated, very slow, somewhat resistant to
hostile enchantments, unstealthy
A: unfitting armour, claws 3, talons 3, molten scales 1, berserk 1, clever 1,
cold resistance 1, deformed body, fast metabolism 3, gourmand, low mp 1,
regeneration 2, shaggy fur 1, strong 2, tough skin 2
a: End Transformation, Bend Time, Temporal Distortion, Slouch, Step From Time,
Renounce Religion


You were on level 13 of the Dungeon.
You worshipped Cheibriados.
Cheibriados was extremely pleased with you.
You were full.
You had grown temporary talons.
You visited 1 branch of the dungeon, and saw 13 of its levels.
You also visited: Ossuary.

You collected 619 gold pieces.

Inventory:

Hand weapons
 L - the +0 halberd "Weseukki" {chop, +Blink Stlth+}
   (You found it on level 8 of the Dungeon)

   It inflicts extra damage upon your enemies.
   It lets you blink.
   It makes you more stealthy.
Missiles
 a - 134 arrows
 U - 2 tomahawks (quivered)
Armour
 y - a +0 cloak (worn)
 H - a +2 hat (worn)
 S - a +2 robe of magic resistance (worn)
Jewellery
 q - a ring of wizardry (left claw)
 s - a +2 ring of intelligence (right claw)
 B - an uncursed ring of stealth
 G - an amulet of resist mutation (around neck)
 O - an uncursed ring of fire
 W - an uncursed ring of sustain abilities {unknown}
Magical devices
 l - a wand of digging (11)
 u - a wand of draining (2)
 v - a wand of frost (26)
 E - a wand of cold (2)
 F - a wand of magic darts (15)
 J - a wand of teleportation (1)
 K - a wand of frost (41)
 Q - a wand of enslavement (14)
 V - a wand of flame (28)
Scrolls
 b - 2 scrolls of identify
 f - 6 scrolls of remove curse
 h - 4 scrolls of noise
 k - 6 scrolls of teleportation
 z - 3 scrolls of blinking
 M - a scroll of amnesia {unknown}
 N - a scroll of vulnerability {unknown}
 T - a scroll of random uselessness {unknown}
Potions
 e - 2 potions of cancellation
 g - 2 potions of invisibility {unknown}
 j - 5 potions of curing
 m - 3 potions of haste {unknown}
 n - 2 potions of flight
 o - 4 potions of heal wounds
 p - 2 potions of might {unknown}
 r - 4 potions of agility
 C - 3 potions of lignification {unknown}
 D - 3 potions of degeneration {unknown}
 I - a potion of ambrosia {unknown}
 P - a potion of resistance
 R - a potion of berserk rage {unknown}
Books
 c - a book of Changes

   Spells                             Type                      Level
   a - Beastly Appendage              Transmutation                1
   b - Sticks to Snakes               Transmutation                2
   c - Spider Form                    Transmutation/Poison         3
   d - Ice Form                       Ice/Transmutation            4
   e - Blade Hands                    Transmutation                5
 t - a book of Spatial Translocations

   Spells                             Type                      Level
   a - Apportation                    Translocation                1
   b - Blink                          Translocation                2
   c - Shroud of Golubria             Charms/Translocation         2
   d - Portal Projectile              Translocation                3
   e - Teleport Other                 Translocation                3
   f - Passage of Golubria            Translocation                4
 x - a book of Party Tricks

   Spells                             Type                      Level
   a - Summon Butterflies             Summoning                    1
   b - Apportation                    Translocation                1
   c - Tukima's Dance                 Hexes                        3
   d - Alistair's Intoxication        Transmutation/Poison         4
   e - Invisibility                   Hexes                        6
Comestibles
 d - 9 bread rations
 i - 10 meat rations
 w - 30 fruits
 A - 8 slices of pizza


   Skills:
 + Level 6.9 Fighting
 + Level 7.9 Dodging
 - Level 1.1 Stealth
 + Level 9.5 Unarmed Combat
 + Level 5.0 Spellcasting
 + Level 5.8 Transmutations
 + Level 8.1 Invocations


You had 13 spell levels left.
You knew the following spells:

 Your Spells              Type           Power        Failure   Level  Hunger
a - Beastly Appendage     Trmt           #####.       1%          1    None
b - Blade Hands           Trmt           #####.....   9%          5    #####..
c - Blink                 Tloc           N/A          4%          2    None


Dungeon Overview and Level Annotations

Branches:
Dungeon (13/15)            Temple (0/1) D:5            Lair (0/8) D:11
    Orc (0/4) D:11
 Vaults: D:13-14

Altars:
Ashenzari
Cheibriados
Dithmenos
Elyvilon
Fedhas
Kikubaaqudgha
Qazlal
Sif Muna
Vehumet
Yredelemnul
Zin
The Shining One

Shops:
D:5 }   D:8 (


Innate Abilities, Weirdness & Mutations

You are too large for most types of armour.
You have claws for hands.
Your metabolism is lightning-fast.
You like to eat raw meat.
You heal very quickly.
You are covered in fur (AC +1).
You have very tough skin (AC +2).
You have claws for feet.
You are partially covered in molten scales (AC +1).
You tend to lose your temper in combat.
Your mind is acute. (Int +2)
Your flesh is cold resistant.
Armour fits poorly on your strangely shaped body.
Your magical capacity is low (-10% MP).
Your muscles are very strong. (Str +4)


Message History

The deep troll earth mage claws you.
Casting: Blade Hands
Confirm with . or Enter, or press ? or * to list all spells.
You don't have enough magic to cast that spell.
Casting: Blade Hands
Confirm with . or Enter, or press ? or * to list all spells.
Your feet morph into talons.
The deep troll earth mage barely misses you.
The deep troll earth mage claws you!
* * * LOW HITPOINT WARNING * * *
The deep troll earth mage claws you but does no damage.
You claw the deep troll earth mage!
The deep troll earth mage begins to bleed from its wounds!
You claw the deep troll earth mage, but do no damage.
The deep troll earth mage is lightly wounded.
The deep troll earth mage closely misses you.
The deep troll earth mage claws you!
* * * LOW HITPOINT WARNING * * *
The deep troll earth mage claws you!!
You die...

............#
............#######...
##.....###....<.....#
#......##....>......#
.......#.....#####..#
..T.....)..#.# ...
.###)......# #
##.T..###.# #..@%##
#... ........## ####.#
###....## # #....##
#....# #....# ....#
...


You could see a deep troll earth mage (bleeding).

Vanquished Creatures
  Snorg (D:11)
  2 hydras
  Erolcha (D:8)
  A death drake (shapeshifter) (D:12)
  Pikel (D:8)
  3 hill giants
  The ghost of Pikaro the Carver, an experienced DgWn (Ossuary)
  An ugly thing (D:12)
  Maurice (D:8)
  Psyche (D:11)
  A gargoyle (D:12)
  An efreet (D:12)
  A troll (D:11)
  A fire vortex (D:11)
  A wyvern (D:11)
  A shadow (D:11)
  16 yaks
  A hog (shapeshifter) (D:13)
  2 water elementals (D:11)
  3 wolves (D:11)
  A black bear (D:6)
  A water moccasin (D:12)
  8 orc warriors
  4 sky beasts
  An eye of draining (D:9)
  3 ice beasts
  3 phantoms
  9 ogres
  5 centaurs
  6 big kobolds
  9 giant frogs
  A wyvern zombie (D:10)
  2 scorpions
  5 electric eels
  4 wights (D:7)
  5 crimson imps
  4 bog bodies (Ossuary)
  3 giant frog zombies
  4 centaur zombies
  3 jellies
  11 orc priests
  A quasit (D:9)
  2 centaur skeletons
  3 giant frog skeletons
  4 hounds
  21 orc wizards
  11 worker ants
  2 killer bee zombies
  2 sheep (D:8)
  4 mummies (Ossuary)
  3 hound zombies
  A hound skeleton (D:9)
  3 worker ant zombies
  18 adders
  4 gnolls (D:4)
  4 shadow imps
  2 oozes
  2 adder zombies (Ossuary)
  3 worms
  58 orcs
  2 ball pythons
  2 bat skeletons
  A bat zombie (D:5)
  2 giant cockroaches
  15 goblins
  14 hobgoblins
  10 jackals
  23 kobolds
  5 quokkas
  13 bats
  A giant cockroach zombie (Ossuary)
  9 giant geckos
  3 giant newts
  A jackal zombie (D:9)
  2 quokka zombies (Ossuary)
  13 rats
  5 ballistomycetes
402 creatures vanquished.

Vanquished Creatures (others)
  A hound (D:8)
  An adder (D:8)
  A bat (D:8)
  3 giant spores
6 creatures vanquished.

Grand Total: 408 creatures vanquished

Notes
Turn   | Place    | Note
--------------------------------------------------------------
     0 | D:1      | oplop, the Troll Transmuter, began the quest for the Orb.
     0 | D:1      | Reached XP level 1. HP: 18/18 MP: 1/1
   299 | D:1      | Reached XP level 2. HP: 26/26 MP: 2/2
   712 | D:2      | Reached XP level 3. HP: 17/32 MP: 4/4
  1070 | D:2      | Reached skill level 4 in Unarmed Combat
  1301 | D:3      | Reached XP level 4. HP: 35/40 MP: 5/5
  1397 | D:3      | Reached skill level 1 in Fighting
  1724 | D:3      | Reached XP level 5. HP: 33/48 MP: 6/6
  1909 | D:3      | Found an ancient bone altar of Kikubaaqudgha.
  1981 | D:4      | Noticed a phantom
  2002 | D:4      | Killed a phantom
  2002 | D:4      | Reached XP level 6. HP: 34/57 MP: 7/7
  2149 | D:4      | Found a stormy altar of Qazlal.
  2513 | D:4      | Found a snail-covered altar of Cheibriados.
  2651 | D:4      | Found a glowing silver altar of Zin.
  2692 | D:5      | Entered Level 5 of the Dungeon
  2739 | D:5      | Found a shadowy altar of Dithmenos.
  2819 | D:5      | Reached skill level 1 in Stealth
  2819 | D:5      | Reached skill level 5 in Unarmed Combat
  2819 | D:5      | Reached XP level 7. HP: 66/66 MP: 8/8
  3212 | D:4      | Became a worshipper of Cheibriados the Contemplative
  3382 | D:5      | Reached skill level 5 in Dodging
  3715 | D:5      | Found a white marble altar of Elyvilon.
  3743 | D:5      | Found Quruixti's Gadget Shop.
  3808 | D:5      | Found a staircase to the Ecumenical Temple.
  3899 | D:6      | Reached skill level 6 in Unarmed Combat
  3899 | D:6      | Reached skill level 1 in Invocations
  3899 | D:6      | Reached XP level 8. HP: 75/75 MP: 9/9
  4100 | D:6      | Acquired Cheibriados's first power
  4952 | D:7      | Gained mutation: Your mind is acute. (Int +2) [mutagenic meat]
  4953 | D:7      | Gained mutation: You are partially covered in molten scales (AC +1). [mutagenic meat]
  4955 | D:7      | Gained mutation: Your magical capacity is low (-10% MP). [mutagenic meat]
  4992 | D:7      | Reached XP level 9. HP: 85/85 MP: 9/9
  5010 | D:7      | Reached skill level 7 in Unarmed Combat
  5242 | D:7      | Found a basalt altar of Yredelemnul.
  5272 | D:7      | Gained mutation: Your muscles are strong. (Str +2) [mutagenic meat]
  5273 | D:7      | Gained mutation: You tend to lose your temper in combat. [mutagenic meat]
  5275 | D:7      | Gained mutation: Your flesh is cold resistant. [mutagenic meat]
  5276 | D:7      | Gained mutation: Your muscles are very strong. (Str +4) [mutagenic meat]
  5277 | D:7      | Gained mutation: Armour fits poorly on your strangely shaped body. [mutagenic meat]
  5309 | D:7      | Acquired Cheibriados's second power
  5478 | D:7      | Found a glowing golden altar of the Shining One.
  5541 | D:8      | Reached skill level 5 in Fighting
  5657 | D:8      | Found a sand-covered staircase.
  5663 | Ossuary  | Entered an ossuary
  5753 | Ossuary  | Noticed Pikaro's ghost (experienced DgWn)
  5776 | Ossuary  | Killed Pikaro's ghost
  5776 | Ossuary  | Reached skill level 8 in Unarmed Combat
  5815 | Ossuary  | Reached skill level 5 in Invocations
  5822 | Ossuary  | Acquired Cheibriados's third power
  5963 | D:8      | Found Wokhou's Weapon Shoppe.
  6048 | D:8      | Noticed Pikel
  6056 | D:8      | Killed Pikel
  6056 | D:8      | Reached XP level 10. HP: 91/98 MP: 6/11
  6109 | D:8      | Found a radiant altar of Vehumet.
  6114 | D:8      | Noticed Maurice
  6120 | D:8      | Killed Maurice
  6397 | D:8      | Noticed a two-headed hydra
  6418 | D:8      | Killed a four-headed hydra
  6427 | D:8      | Got a pitted halberd
  6428 | D:8      | Identified the +0 halberd "Weseukki" {chop, +Blink Stlth+} (You found it on level 8 of the Dungeon)
  6509 | D:8      | Noticed Erolcha
  6517 | D:8      | Killed Erolcha
  6517 | D:8      | Reached skill level 9 in Unarmed Combat
  7020 | D:9      | Found a deep blue altar of Sif Muna.
  7082 | D:9      | Acquired Cheibriados's fourth power
  7365 | D:9      | Found a blossoming altar of Fedhas.
  7534 | D:9      | Found a snail-covered altar of Cheibriados.
  7651 | D:9      | Reached XP level 11. HP: 102/107 MP: 11/13
  7901 | D:10     | Entered Level 10 of the Dungeon
  8254 | D:10     | Noticed a hill giant
  8261 | D:10     | Killed a hill giant
  8654 | D:11     | Noticed Psyche
  8662 | D:11     | Killed Psyche
  8704 | D:11     | Noticed a hill giant
  8714 | D:11     | Killed a hill giant
  8732 | D:11     | Noticed Snorg
  8739 | D:11     | Killed Snorg
  8945 | D:11     | Found a staircase to the Orcish Mines.
  9096 | D:11     | Found a staircase to the Lair.
  9344 | D:11     | Learned a level 5 spell: Blade Hands
  9542 | D:12     | Learned a level 2 spell: Blink
  9660 | D:12     | Noticed a death drake
  9660 | D:12     | a snapping turtle changed into a death drake
  9661 | D:12     | Killed a death drake
  9752 | D:12     | Found a shattered altar of Ashenzari.
  9774 | D:12     | Reached skill level 5 in Transmutations
  9774 | D:12     | Reached XP level 12. HP: 115/115 MP: 9/15
 10521 | D:13     | Noticed a six-headed hydra
 10530 | D:13     | Killed a nine-headed hydra
 10535 | D:13     | Reached skill level 5 in Spellcasting
 10572 | D:13     | Slain by a deep troll earth mage

Action                   |  1- 3 |  4- 6 |  7- 9 | 10-12 || total
-------------------------+-------+-------+-------+-------++-------
Melee: Unarmed           |   123 |   178 |   393 |   435 ||  1129
Throw: Tomahawk          |       |       |       |     2 ||     2
 Cast: Beastly Appendage |       |       |     5 |    18 ||    23
       Blade Hands       |       |       |       |     6 ||     6
Invok: Bend Time         |       |       |     3 |     6 ||     9
       Slouch            |       |       |       |     6 ||     6
       Temporal Distorti |       |       |       |     2 ||     2
Evoke: Wand              |       |       |       |     4 ||     4
  Use: Scroll            |       |       |    15 |       ||    15
       Potion            |       |       |     2 |     1 ||     3
 Stab: Distracted        |       |       |     1 |       ||     1
       Sleeping          |       |       |       |     5 ||     5
  Eat: Chunk             |    16 |    13 |    33 |    39 ||   101
       Pizza             |       |       |       |     1 ||     1
